 Dungeon Crawl Stone Soup version 0.26.1-11-gd32895ea62 (webtiles) character file.

Game seed: 4814666004433258148

10782 Jerry the Basher (level 11, 0/115 HPs)
             Began as a Troll Gladiator on June 8, 2021.
             Was an Initiate of Gozag.
             Slain by a five-headed hydra (1 damage)
             ... on level 1 of the Lair of Beasts.
             The game lasted 00:46:23 (10035 turns).

Jerry the Basher (Troll Gladiator)                 Turns: 10035, Time: 00:46:24

Health: 0/115      AC: 14    Str: 24    XL:     11   Next: 40%
Magic:  10/10      EV: 16    Int:  7    God:    Gozag
Gold:   810        SH:  0    Dex: 17    Spells: 10/10 levels left

rFire    . . .     SeeInvis .   m - +4 whip (venom)
rCold    . . .     Faith    .   (no shield)
rNeg     . . .     Spirit   .   r - +2 robe of Okawaru's Castigation {*Drain +Fly rElec Regen+}
rPois    .         Reflect  .   c - +0 hat
rElec    +         Harm     .   s - +1 cloak {rCorr}
rCorr    +         Rampage  .   (gloves unavailable)
Will     .....                  (boots unavailable)
Stlth    ++........             v - amulet of the acrobat
HPRegen  1.09/turn              e - +4 ring of protection
MPRegen  0.12/turn              b - +6 ring of dexterity

@: gold aura, very slightly contaminated, invisible (expiring)
A: large, unfitting armour, claws 3, regeneration 1, shaggy fur 1, tough skin 3
a: Renounce Religion, Evoke Flight, Potion Petition, Call Merchant, Bribe Branch


You were on level 1 of the Lair of Beasts.
You worshipped Gozag.
Gozag was pleased with you.
You visited 2 branches of the dungeon, and saw 12 of its levels.

You collected 1975 gold pieces.
You spent 548 gold pieces at shops.
You paid 617 gold pieces to Gozag.

Inventory:

Hand Weapons
 k - a +4 flail of draining
 m - a +4 whip of venom (weapon)
Missiles
 d - 2 throwing nets (quivered)
Armour
 c - a +0 hat (worn)
 r - the +2 robe of Okawaru's Castigation (worn) {*Drain +Fly rElec Regen+}
   (You bought it in a shop on level 4 of the Dungeon)

   It insulates you from electricity.
   It lets you fly.
   It increases your rate of regeneration.
   It causes draining when unequipped.
 s - a +1 cloak of preservation (worn)
Jewellery
 b - a +6 ring of dexterity (right claw)
 e - a +4 ring of protection (left claw)
 p - an uncursed ring of protection from cold
 t - an uncursed ring of wizardry
 v - an amulet of the acrobat (around neck)
 B - a +6 ring of strength {unknown}
Wands
 h - a wand of iceblast (14)
 C - a wand of paralysis (7)
 D - a wand of acid (6)
Scrolls
 a - 4 scrolls of magic mapping
 f - 2 scrolls of identify
 g - 2 scrolls of fog
 i - a scroll of teleportation
 o - 4 scrolls of remove curse
 y - a scroll of amnesia
 A - a scroll of blinking
 G - a scroll of enchant armour
 H - a scroll of brand weapon
Potions
 j - a potion of berserk rage
 l - a potion of invisibility
 n - 4 potions of flight {unknown}
 q - 2 potions of attraction {unknown}
 u - 2 potions of heal wounds
 w - 3 potions of curing
 x - a potion of ambrosia {unknown}
 z - a potion of might
 E - 2 potions of magic {unknown}
 F - a potion of resistance


   Skills:
 + Level 9.0 Fighting
 + Level 10.1 Maces & Flails
 - Level 1.7 Throwing
 + Level 9.2 Dodging


You had 10 spell levels left.
You didn't know any spells.
Your spell library contained the following spells:

 Spells                   Type           Power        Failure   Level
 Shock                    Conj/Air       0%           43%         1
 Swiftness                Air            0%           56%         2
 Static Discharge         Conj/Air       0%           80%         3
 Airstrike                Air            0%           99%         4
 Lightning Bolt           Conj/Air       0%           100%        5


Dungeon Overview and Level Annotations

Branches:
Dungeon (10/15)            Temple (0/1) D:6            Lair (2/6) D:10
 Shoals (0/4) Lair:2
  Snake: Lair:2-4    Spider: Lair:2-4       Orc: D:9-12

Altars:
Ashenzari
Cheibriados
Dithmenos
Elyvilon
Fedhas
Gozag
Kikubaaqudgha
Makhleb
Nemelex Xobeh
Okawaru
Qazlal
Trog
Uskayaw
Vehumet
Yredelemnul

Shops:
D:4 [?   D:10 *

Annotations:
D:9 3 runed translucent doors, Sverke's ghost, journeyman FoFi


Innate Abilities, Weirdness & Mutations

You are too large for most types of armour.
You have claws for hands.
Your natural rate of healing is unusually fast.
You are covered in fur. (AC +1)
You have extremely tough skin. (AC +3)


Message History

The eight-headed hydra misses you.
The eight-headed hydra closely misses you.
The eight-headed hydra barely misses you.
The eight-headed hydra completely misses you. x2
The eight-headed hydra bites you!
* * * LOW HITPOINT WARNING * * *
You hit the eight-headed hydra.
The eight-headed hydra is almost dead.
You kill the eight-headed hydra!
Your Fighting skill increases to level 9!
You catch the helpless five-headed hydra completely off-guard!
You whack the five-headed hydra!
The five-headed hydra is lightly wounded.
The five-headed hydra bites you!
* * * LOW HITPOINT WARNING * * *
The five-headed hydra misses you.
The five-headed hydra barely misses you.
The five-headed hydra bites you.
You die...
Your body crumbles into a pile of gold.

......PP.♣§.......P ...
#.≈≈≈. .........S♣...# #.♣
♣#.#. #.≈≈≈.
...8....P♣....# #..♣.....#
#.≈≈≈≈
.......D......#+#.♣....#=.
#.≈≈≈≈
...8..♣P.P.............P.#
#..≈≈≈
♣.....♣♣...#...YY...♣....
#....≈≈
♣♣...♣....#....YiY...♣
...##≈.
.....♣...#....Y#D#Y♣P♣ .##
##. ..♣.♣♣.........#@#YY♣♣
♣..♣♣P..P....P.###YPY♣
..♣.....#'#.[....YY♣.#. .♣
P.. #............ ♣♣ ♣.P.
#..⌠..........( ♣
♣..###...P........... P
♣/.P..?.......♣...... §♣
♣♣.....####$......#..
♣§♣♣)♣.♣....#.$$....♣^.#


You could see a five-headed hydra, 4 yaks and a spriggan.

Vanquished Creatures
  Harold (D:7)
  A hydra (Lair:1)
  A catoblepas (Lair:2)
  A black mamba (Lair:1)
  A cane toad (Lair:2)
  2 trolls
  Prince Ribbit (D:5)
  2 wyverns (Lair:1)
  A spriggan (Lair:1)
  A vampire (D:10)
  Eustachio (D:4)
  A wraith (D:10)
  Sigmund (D:2)
  3 wargs
  Menkaure (D:5)
  5 water moccasins
  Duvessa (D:4)
  An ice beast (D:8)
  2 orc warriors
  5 sky beasts
  3 ogres
  9 wolves
  3 big kobolds
  Blork the orc (D:4)
  8 bullfrogs
  A wyvern zombie (D:7)
  Dowan (D:4)
  5 jellies
  3 scorpions
  10 killer bees
  3 howler monkeys
  9 wights
  An electric eel (D:9)
  Crazy Yiuf (D:2)
  4 hounds
  4 lava snakes (D:8)
  A quasit (D:8)
  10 orc wizards
  A bullfrog skeleton (D:5)
  7 orc priests
  A centaur skeleton (D:10)
  Terence (D:2)
  An iguana (D:9)
  Natasha (thrice) (D:4)
  6 worker ants
  A hound skeleton (D:8)
  A worker ant zombie (D:10)
  Robin (D:4)
  4 gnolls
  11 adders
  3 shadow imps
  A white imp (D:9)
  4 ufetubi
  4 oozes
  An adder zombie (D:8)
  5 worms
  3 dart slugs
  3 leopard geckos
  21 orcs
  9 bats
  5 giant cockroaches
  16 goblins
  12 hobgoblins
  10 jackals
  20 kobolds
  6 quokkas
  5 frilled lizards
  A jackal skeleton (D:5)
  A quokka skeleton (D:9)
  12 rats
  A spectral orc (D:7)
291 creatures vanquished.

Vanquished Creatures (others)
  An orc (D:9)
  3 fungi
  52 plants (Lair:1)
56 creatures vanquished.

Grand Total: 347 creatures vanquished

Notes
Turn   | Place    | Note
-------+----------+-------------------------------------------
     0 | D:1      | Jerry the Troll Gladiator began the quest for the Orb.
     0 | D:1      | Reached XP level 1. HP: 19/19 MP: 0/0
    35 | D:1      | Found a broken altar of Ashenzari.
   237 | D:1      | Reached XP level 2. HP: 28/28 MP: 1/1
   513 | D:1      | Reached skill level 3 in Maces & Flails
   529 | D:1      | Reached XP level 3. HP: 30/35 MP: 2/2
  1016 | D:2      | Found a snail-covered altar of Cheibriados.
  1223 | D:2      | Found a runed translucent door.
  1224 | D:2      | Noticed Crazy Yiuf
  1247 | D:2      | Found a radiant altar of Vehumet.
  1255 | D:2      | Found a white marble altar of Elyvilon.
  1286 | D:2      | Noticed Sigmund
  1310 | D:2      | Killed Sigmund
  1311 | D:2      | Reached XP level 4. HP: 21/45 MP: 3/3
  1311 | D:2      | Reached XP level 5. HP: 25/53 MP: 4/4
  1387 | D:2      | Found a blossoming altar of Fedhas.
  1401 | D:2      | Reached skill level 4 in Maces & Flails
  1412 | D:2      | Noticed Terence
  1633 | D:1      | HP: 1/53 [poisoned by Terence]
  1727 | D:2      | Killed Terence
  2192 | D:2      | Paralysed by Crazy Yiuf for 5 turns
  2300 | D:2      | Killed Crazy Yiuf
  2301 | D:2      | Reached XP level 6. HP: 53/61 MP: 5/5
  2607 | D:3      | Found an iron altar of Okawaru.
  2624 | D:3      | Found a sparkling altar of Nemelex Xobeh.
  2919 | D:3      | Found an opulent altar of Gozag.
  2919 | D:3      | Found an ancient bone altar of Kikubaaqudgha.
  2924 | D:3      | Became a worshipper of Gozag Ym Sagoz the Greedy
  2988 | D:4      | Noticed Robin
  3019 | D:4      | Killed Robin
  3047 | D:4      | Found Ytzousso's Armour Shoppe.
  3147 | D:4      | Noticed Blork the orc
  3160 | D:4      | Killed Blork the orc
  3217 | D:4      | Noticed Duvessa
  3217 | D:4      | Noticed Dowan
  3227 | D:4      | Killed Duvessa
  3228 | D:4      | Reached XP level 7. HP: 59/68 MP: 6/6
  3229 | D:4      | Killed Dowan
  3437 | D:4      | Found a shadowy altar of Dithmenos.
  3456 | D:4      | Found Qeotuvu's Magic Scroll Emporium.
  3497 | D:4      | Noticed Natasha
  3502 | D:4      | Killed Natasha
  3503 | D:4      | Reached skill level 5 in Maces & Flails
  3556 | D:4      | Noticed Eustachio
  3579 | D:4      | Killed Eustachio
  3881 | D:4      | Noticed Natasha
  3886 | D:4      | Killed Natasha
  3910 | D:4      | Noticed Natasha
  3917 | D:4      | Killed Natasha
  4010 | D:4      | Bought the +2 robe of Okawaru's Castigation {*Drain +Fly
                  | rElec Regen+} for 233 gold pieces
  4042 | D:5      | Entered Level 5 of the Dungeon
  4087 | D:5      | Noticed Menkaure
  4123 | D:4      | Reached skill level 5 in Dodging
  4123 | D:4      | Reached XP level 8. HP: 34/79 MP: 7/7
  4206 | D:5      | Killed Menkaure
  4269 | D:5      | Reached skill level 5 in Fighting
  4355 | D:5      | Reached skill level 6 in Maces & Flails
  4524 | D:5      | Noticed Prince Ribbit
  4544 | D:5      | Killed Prince Ribbit
  5035 | D:6      | Found a staircase to the Ecumenical Temple.
  5134 | D:6      | Reached XP level 9. HP: 71/89 MP: 8/8
  5302 | D:6      | Found an iron altar of Okawaru.
  5426 | D:7      | Found a basalt altar of Yredelemnul.
  5459 | D:7      | Noticed a troll
  5466 | D:7      | Reached skill level 7 in Maces & Flails
  5913 | D:7      | Noticed a moth of wrath
  5916 | D:7      | Found a bloodstained altar of Trog.
  6060 | D:7      | Noticed Harold
  6082 | D:7      | Killed Harold
  6095 | D:7      | Killed a troll
  6096 | D:7      | Reached skill level 8 in Maces & Flails
  6464 | D:8      | Reached XP level 10. HP: 48/102 MP: 9/9
  6641 | D:8      | Found a hide-covered altar of Uskayaw.
  6643 | D:8      | Found a burning altar of Makhleb.
  6979 | D:9      | Found a runed translucent gate.
  6979 | D:9      | Found a runed translucent gate.
  6979 | D:9      | Found a runed translucent gate.
  6980 | D:9      | Noticed Sverke's ghost (journeyman FoFi)
  7105 | D:9      | Found a stormy altar of Qazlal.
  8152 | D:10     | Entered Level 10 of the Dungeon
  8171 | D:10     | Reached skill level 9 in Maces & Flails
  8401 | D:10     | Found a staircase to the Lair.
  9275 | D:10     | Bought a scroll of identify for 28 gold pieces
  9275 | D:10     | Bought a potion of resistance for 140 gold pieces
  9275 | D:10     | Bought a scroll of enchant armour for 105 gold pieces
  9275 | D:10     | Bought a scroll of teleportation for 42 gold pieces
  9281 | Lair:1   | Entered Level 1 of the Lair of Beasts
  9290 | Lair:1   | You fall into a shaft and drop 1 floor!
  9291 | Lair:2   | Noticed a black mamba
  9337 | Lair:2   | Noticed a catoblepas
  9338 | Lair:2   | Noticed a cane toad
  9376 | Lair:2   | Killed a catoblepas
  9377 | Lair:2   | Reached XP level 11. HP: 77/113 MP: 10/10
  9421 | Lair:2   | Found a staircase to the Shoals.
  9942 | Lair:1   | Noticed a five-headed hydra
  9981 | Lair:1   | Reached skill level 10 in Maces & Flails
  9981 | Lair:1   | Noticed an eight-headed hydra
 10034 | Lair:1   | Killed an eight-headed hydra
 10035 | Lair:1   | HP: 1/115 [five-headed hydra (8)]
 10035 | Lair:1   | Slain by a five-headed hydra

Illustrated notes

Levels and vault maps discovered:
D:1:      ncdulo_watergridlock, layout_basic, minmay_misc_feat_doors,
          ashenzari_altar_1
D:2:      minmay_diamond_boxcup, layout_basic, elyvilon_altar_3,
          lemuel_crystal_altar, cheibriados_altar_1, fedhas_altar_1,
          uniq_crazy_yiuf_cottage, uniq_sigmund, uniq_terence
D:3:      layout_loops_ring, nicolae_overflow_hidden_temple, old_standard_altar,
          gammafunk_temple_overflow_elements, okawaru_ov_weapons_minmay
D:4:      layout_cave_pods, serial_shops, shop, shop, lemuel_altar_in_water,
          uniq_natasha, uniq_duvessa, uniq_eustachio, uniq_blork_the_orc,
          uniq_robin
D:5:      layout_gridville, uniq_prince_ribbit1, uniq_menkaure
D:6:      layout_cave_pools, kennysheep_little_box,
          minmay_temple_entry_stoned_glass
D:7:      layout_rooms, yredelemnul_forgotten_temple_becter, tgw_trog,
          uniq_harold
D:8:      layout_rooms, nicolae_overflow_crystal_walls,
          hangedman_decor_clover_reticule, grunt_decor_junction,
          makhleb_heckhound_becter
D:9:      layout_basic, lemuel_crystal_altar, ebering_ghost_rock_garden,
          kennysheep_dice
D:10:     layout_basic, erik_lair_orcish_takeover,
          minmay_misc_feat_secret_circle
Lair:1:   wad_woods_settlement, layout_loops_ring,
          chequers_serial_rivers_micro_e, chequers_serial_rivers_small_b,
          lemuel_fruit_tree, infiniplex_staircase_pool_2
Lair:2:   layout_chaotic_city, elwin_shoals_entry_rocks,
          guppyfry_snake_entry_garden, chequers_serial_rivers_room_a,
          minmay_holes

Skill      XL: |  1  2  3  4  5  6  7  8  9 10 11 |
---------------+----------------------------------+-----
Maces & Flails | 3 4 5 6 8 9 10 | 10.1
Fighting       | 2 3 4 5 7 8 9 |  9.0
Dodging        | 3 4 5 6 7 8 9 |  9.2
Throwing       | |  1.7

Action                   |  1- 3 |  4- 6 |  7- 9 | 10-12 || total
-------------------------+-------+-------+-------+-------++-------
Melee: Flail             |    54 |     9 |   307 |   177 ||   547
       Whip              |   112 |   147 |       |   414 ||   673
       Mace              |       |    91 |       |       ||    91
Throw: Throwing net      |       |     4 |     1 |       ||     5
Invok: Call Merchant     |       |       |       |     1 ||     1
  Use: Potion            |     2 |     1 |     1 |     3 ||     7
       Scroll            |       |     7 |     9 |     7 ||    23
 Stab: Sleeping          |     1 |       |       |     3 ||     4
       Held in net/web   |       |     1 |     1 |       ||     2
       Distracted        |       |     1 |       |     2 ||     3
       Invisible         |       |       |       |     3 ||     3
Armor: Robe              |    87 |   186 |   167 |   169 ||   609
Dodge: Dodged            |    87 |   254 |   271 |   439 ||  1051
